 Dungeon Crawl Stone Soup version 0.25-a0-1073-gf4359a17dd (webtiles) character file.

Game seed: 8073741051795386288, levelgen mode: deterministic

7 Esekla the Magician (level 2, -1/17 HPs)
             Began as an Octopode Wizard on May 14, 2020.
             Slain by a jackal (3 damage)
             ... on level 1 of the Dungeon.
             The game lasted 00:05:17 (438 turns).

Esekla the Magician (Octopode Wizard)                Turns: 438, Time: 00:05:17

Health: -1/17      AC:  1    Str:  6    XL:     2   Next: 4%
Magic:  6/6        EV: 13    Int: 20    God:
Gold:   78         SH:  0    Dex: 10    Spells: 6/7 levels left

rFire    . . .     SeeInvis .   e - +0 short sword
rCold    . . .     Gourm    .   (no shield)
rNeg     . . .     Faith    .   a - +0 hat
rPois    .         Spirit   .   b - amulet of magic regeneration
rElec    .         Reflect  .   (no ring)
rCorr    .         Harm     .   (no ring)
MR       .....                  (no ring)
Stlth    +++.......             (no ring)
HPRegen  0.05/turn              (no ring)
MPRegen  0.35/turn              (no ring)
                                (no ring)
                                (no ring)

@: no status effects
A: almost no armour, stealthy swim, amphibious, 8 rings, constrict 8, camouflage
1, gelatinous body 1
a: no special abilities


You were on level 1 of the Dungeon.
You were not hungry.

You visited 1 branch of the dungeon, and saw 3 of its levels.

You collected 78 gold pieces.

Inventory:

Hand Weapons
 e - a +0 short sword (weapon)
Armour
 a - a +0 hat (worn)
Jewellery
 b - an amulet of magic regeneration (around mantle)
Scrolls
 d - 3 scrolls of remove curse {unknown}
Potions
 f - a potion of curing {unknown}
 g - a potion of magic {unknown}
Comestibles
 c - 4 rations


   Skills:
 * Level 2.0 Dodging
 - Level 2.6 Stealth
 * Level 3.4 Spellcasting
 + Level 1.0 Conjurations
   Level 1.0 Summonings
   Level 1.0 Translocations


You had 6 spell levels left.
You knew the following spells:

 Your Spells              Type           Power        Failure   Level  Hunger
a - Magic Dart            Conj           #...         9%          1    None

Your spell library contained the following spells:

 Spells                   Type           Power        Failure   Level  Hunger
 Blink                    Tloc           N/A          14%         2    ##.....
 Call Imp                 Summ           #.......     14%         2    ##.....
 Slow                     Hex            #.......     21%         2    ##.....
 Conjure Flame            Conj/Fire      #.......     32%         3    ###....
 Mephitic Cloud           Conj/Pois/Air  #.......     34%         3    ###....


Dungeon Overview and Level Annotations

Branches:
Dungeon (3/15)

Altars:


Innate Abilities, Weirdness & Mutations

You cannot wear most types of armour.
You are very stealthy in the water. (Stealth+)
You are amphibious.
You can wear up to eight rings at the same time.
You can use your tentacles to constrict eight enemies at once.
Your skin changes colour to match your surroundings (Stealth+).
Your rubbery body absorbs attacks. (AC +1, EV +1)


Message History

Found a stone staircase leading up.
The orc hits you with a +0 dagger.
* * * LOW HITPOINT WARNING * * *
There is a stone staircase leading up here.
The jackal bites you.
* * * LOW HITPOINT WARNING * * *
The jackal completely misses you.
You climb upwards.
A bat and 2 jackals come into view.
Found a scroll labeled REERAS KOTUI.
There is a stone staircase leading down here.
The jackal misses you.
Found a scroll labeled DANTAES HAVI.
Casting: Magic Dart (safe; 9% risk of failure)
Confirm with . or Enter, or press ? or * to list all spells.
Okay, then.
You closely miss the jackal. You grab the jackal.
You constrict the jackal, but do no damage.
The jackal bites you.
You die...

#...b........#
#............#.
#.............?
#............#
#............#
#...........#.
###.....>.......... ..
#......h........... ..
#.....@#.......h.... ..
#......#......h..... #.
#...#................#.
#.. #.......h........#.
#. #....#..#### #.....
# .....#..# #.....
......... #.....
....?... #....# #.####


You could see a jackal.

Vanquished Creatures
  An orc (D:3)
  2 goblins (D:2)
  2 frilled lizards
  A kobold (D:2)
  A rat (D:3)
7 creatures vanquished.

Notes
Turn   | Place    | Note
-------+----------+-------------------------------------------
     0 | D:1      | Esekla the Octopode Wizard began the quest for the Orb.
     0 | D:1      | Reached XP level 1. HP: 11/11 MP: 4/4
   406 | D:3      | Reached XP level 2. HP: 6/17 MP: 0/6
   438 | D:1      | Slain by a jackal

Illustrated notes

Levels and vault maps discovered:
D:1:      noname_arrival_rooms_in_the_neighbourhood, layout_basic
D:2:      layout_basic, chequers_temple_overflow_minitemple, uniq_jessica
D:3:      layout_loops_corners, nicolae_overflow_crystal_walls, tgw_sif,
          first_ration, led_xom_imps

Action                   || total
-------------------------++-------
Melee: Short sword       ||     8
       Constrict         ||     2
 Cast: Magic Dart        ||    17
 Stab: Sleeping          ||     2
Dodge: Dodged            ||    13

Table legend:
 A = Non-vault XP
 B = Vault XP
 C = Vault XP percentage of total XP
 D = Non-vault monster count
 E = Vault monster count
 F = Vault count percentage of total count
                 A         B        C        D         E       F
            +---------+---------+-------+---------+---------+-------
      Total |      11 |       0 |   0.0 |       7 |       0 |   0.0
            +---------+---------+-------+---------+---------+-------
        D:2 |       6 |       0 |   0.0 |       4 |       0 |   0.0
        D:3 |       5 |       0 |   0.0 |       3 |       0 |   0.0
            +---------+---------+-------+---------+---------+-------
